 Dungeon Crawl Stone Soup version 0.31.0-11-ge490571c62 (webtiles) character file.

Game seed: 18310788119735746870

100 TobyConnect the Ducker (level 4, 0/38 HPs)
             Began as a Gnoll Gladiator on Jan 29, 2024.
             Splashed by a jelly's acid (5 damage)
             ... on level 4 of the Dungeon.
             The game lasted 00:04:13 (2124 turns).

TobyConnect the Ducker (Gnoll Gladiator)            Turns: 2124, Time: 00:04:13

Health: 0/38       AC:  0    Str: 15    XL:     4   Next: 73%
Magic:  5/5        EV:  9    Int:  7    God:
Gold:   303        SH:  0    Dex: 14    Spells: 5/5 levels left

rFire   . . .        g - +1 whip (venom)
rCold   . . .        (no shield)
rNeg    . . .        p - +0 chain mail
rPois   .            c - +0 helmet
rElec   .            (no cloak)
rCorr   .            q - +1 pair of gloves
SInv    +            h - +0 pair of boots
Will    .....        (no amulet) Stlth
                     m - ring of see invisible
HPRegen 0.26/turn    (no ring)
MPRegen 0.09/turn

%: no passive effects
@: corroded
A: fangs 1, strong nose, distributed training
a: no special abilities


You were on level 4 of the Dungeon.
You visited 1 branch of the dungeon, and saw 4 of its levels.

You collected 303 gold pieces.

Inventory:

Hand Weapons
 a - a +0 trident
 g - a +1 whip of venom (weapon)
Missiles
 d - 3 throwing nets (quivered)
 e - a javelin
 r - 4 poisoned darts
Armour
 b - a +0 leather armour
 c - a +0 helmet (worn)
 h - a +0 pair of boots (worn)
 p - a +0 chain mail (worn)
 q - a +1 pair of gloves (worn)
Jewellery
 m - a ring of see invisible (left hand)
Wands
 u - a wand of iceblast (5)
Scrolls
 f - 2 scrolls of blinking {unknown}
 l - 2 scrolls of fear {unknown}
 n - 5 scrolls of identify {unknown}
 o - a scroll of enchant armour {unknown}
 s - a scroll of brand weapon {unknown}
 v - a scroll of fog {unknown}
Potions
 i - a potion of curing {unknown}
 j - 2 potions of ambrosia {unknown}
 k - a potion of resistance {unknown}
 t - 3 potions of enlightenment {unknown}
 w - 2 potions of mutation {unknown}


   Skills:
 + Level 4.7 Fighting
 + Level 1.2 Short Blades
 + Level 1.2 Long Blades
 + Level 1.2 Axes
 + Level 1.2 Maces & Flails
 + Level 6.6 Polearms
 + Level 1.2 Staves
 + Level 1.2 Ranged Weapons
 + Level 4.7 Throwing
 + Level 1.2 Armour
 + Level 6.6 Dodging
 + Level 1.2 Stealth
 + Level 1.2 Shields
 + Level 1.2 Unarmed Combat
 + Level 1.2 Spellcasting
 + Level 1.0 Conjurations
 + Level 1.0 Hexes
 + Level 1.0 Summonings
 + Level 1.0 Necromancy
 + Level 1.0 Translocations
 + Level 1.0 Fire Magic
 + Level 1.0 Ice Magic
 + Level 1.0 Air Magic
 + Level 1.0 Earth Magic
 + Level 1.0 Alchemy
 + Level 1.4 Invocations
 + Level 1.2 Evocations
 + Level 1.1 Shapeshifting


You had 5 spell levels left.
You didn't know any spells.
Your spell library was empty.

Dungeon Overview and Level Annotations

Branches:
Dungeon (4/15)
 Temple: D:4-7

Altars:
Nemelex Xobeh

Shops:
D:1 =


Innate Abilities, Weirdness & Mutations

You have very sharp teeth.
Your uncanny sense of smell can sniff out nearby items.
Your experience applies equally to all skills.


Message History

The plant is lightly damaged.
You hit the plant. You bite the plant.
The plant is lightly damaged.
You hit the plant.
The plant is lightly damaged.
You hit the plant.
The plant looks as sick as possible!
The plant is lightly damaged.
A nearby plant withers and dies.
Found 11 gold pieces.
You hear the slow rusting of a very distant drain.
You now have 303 gold pieces (gained 11).
You open the door.
Found 2 bubbling amethyst potions.
There is an open door here.
w - 2 bubbling amethyst potions A jelly comes into view.
The jelly quivers.
The jelly hits you but does no damage.
You hit the jelly.
Your hands burn!
The jelly is lightly wounded.
The jelly hits you. The acid corrodes you!
You are splashed with acid!
You hit the jelly. The acid corrodes you!
Your hands burn!
You bite the jelly, but do no damage.
The jelly is moderately wounded.
The jelly hits you but does no damage.
You hit the jelly.
Your hands burn!
The jelly is moderately wounded.
The jelly hits you but does no damage.
You hit the jelly but do no damage.
Your hands burn!
You bite the jelly, but do no damage.
The jelly is moderately wounded.
The jelly hits you. The acid corrodes you!
You are splashed with acid!
* * * LOW HITPOINT WARNING * * *
You hit the jelly but do no damage. The acid corrodes you!
Your hands burn!
* * * LOW HITPOINT WARNING * * *
You bite the jelly, but do no damage.
The jelly is moderately wounded.
The jelly closely misses you.
You hit the jelly but do no damage.
The jelly is poisoned.
Your hands burn!
You die...

#.##......#
#.###
#.##......#
#..<#
#.##......#
##### #.#
#.# #.# #.#
#.#########
#..@J......
###########


You could see a jelly (very poisoned).

Vanquished Creatures
  5 adders
  An orc (D:3)
  3 ball pythons
  3 bats
  4 endoplasms
  6 giant cockroaches
  4 hobgoblins
  5 kobolds
  5 quokkas
  2 frilled lizards
  6 goblins
  5 rats
49 creatures vanquished.

Notes
Turn   | Place    | Note
-------+----------+-------------------------------------------
     0 | D:1      | TobyConnect the Gnoll Gladiator began the quest for the
                  | Orb.
     0 | D:1      | Reached XP level 1. HP: 20/20 MP: 1/1
    56 | D:1      | Found Icloisug's Jewellery Shop.
    91 | D:1      | Reached XP level 2. HP: 26/26 MP: 2/2
   535 | D:2      | Reached XP level 3. HP: 29/31 MP: 2/4
   570 | D:2      | Reached skill level 1 in Invocations
   799 | D:2      | Reached skill level 1 in Short Blades
   799 | D:2      | Reached skill level 1 in Long Blades
   799 | D:2      | Reached skill level 1 in Axes
   799 | D:2      | Reached skill level 1 in Maces & Flails
   799 | D:2      | Reached skill level 1 in Staves
   799 | D:2      | Reached skill level 1 in Ranged Weapons
   799 | D:2      | Reached skill level 1 in Armour
   799 | D:2      | Reached skill level 1 in Stealth
   799 | D:2      | Reached skill level 1 in Shields
   799 | D:2      | Reached skill level 1 in Unarmed Combat
   799 | D:2      | Reached skill level 1 in Spellcasting
   799 | D:2      | Reached skill level 1 in Evocations
   860 | D:2      | Reached skill level 1 in Shapeshifting
   860 | D:2      | Reached XP level 4. HP: 38/38 MP: 5/5
  1447 | D:3      | Reached skill level 1 in Conjurations
  1447 | D:3      | Reached skill level 1 in Hexes
  1447 | D:3      | Reached skill level 1 in Summonings
  1447 | D:3      | Reached skill level 1 in Necromancy
  1447 | D:3      | Reached skill level 1 in Translocations
  1447 | D:3      | Reached skill level 1 in Fire Magic
  1447 | D:3      | Reached skill level 1 in Ice Magic
  1447 | D:3      | Reached skill level 1 in Air Magic
  1447 | D:3      | Reached skill level 1 in Earth Magic
  1447 | D:3      | Reached skill level 1 in Alchemy
  1601 | D:3      | Found a sparkling altar of Nemelex Xobeh.
  2124 | D:4      | Splashed by a jelly's acid

Illustrated notes

Levels and vault maps discovered:
D:1:      erik_arrival_triangle_large, layout_rooms, serial_shops,
          nicolae_shop_trees, nicolae_concentric_dashed_squares_mild
D:2:      layout_loops_ring
D:3:      layout_basic, nemelex_altar_shiori
D:4:      wad_woods_pond, layout_basic, mainiacjoe_overflow_alcove_4,
          led_sif_book, serial_shops, nicolae_shop_just_a_little_nook,
          portal_sewer_entry_d, kennysheep_generic_room_2

Skill      XL: |  1  2  3  4 |
---------------+-------------+-----
Invocations    | 1 |  1.4
Short Blades   | 1 |  1.2
Long Blades    | 1 |  1.2
Axes           | 1 |  1.2
Maces & Flails | 1 |  1.2
Staves         | 1 |  1.2
Ranged Weapons | 1 |  1.2
Armour         | 1 |  1.2
Stealth        | 1 |  1.2
Shields        | 1 |  1.2
Unarmed Combat | 1 |  1.2
Spellcasting   | 1 |  1.2
Evocations     | 1 |  1.2
Shapeshifting  | 1 |  1.1
Conjurations   | 1 |  1.0
Hexes          | 1 |  1.0
Summonings     | 1 |  1.0
Necromancy     | 1 |  1.0
Translocations | 1 |  1.0
Fire Magic     | 1 |  1.0
Ice Magic      | 1 |  1.0
Air Magic      | 1 |  1.0
Earth Magic    | 1 |  1.0
Alchemy        | 1 |  1.0
Fighting       | |  4.7
Polearms       | |  6.6
Throwing       | |  4.7
Dodging        | |  6.6

Action                     |  1- 3 |  4- 6 || total
---------------------------+-------+-------++-------
  Melee: Trident           |    29 |       ||    29
         Whip              |    53 |    64 ||   117
         Bite              |     5 |     8 ||    13
         Punch             |       |     1 ||     1
   Stab: Sleeping          |     2 |       ||     2
 Armour: Leather armour    |    25 |       ||    25
         Chain mail        |     4 |    39 ||    43
  Dodge: Dodged            |    64 |    18 ||    82
